Cogmind - Beta 12 X1 @@@ ROGUE MODE // 2022.08.09 @ 16:49:05 Player: Terminus Result: Self-destructed Performance ------------- Evolutions (5) 2500 Regions Visited (21) 4200 Robots Destroyed (244) 1220 Value Destroyed (8396) 8396 Prototype IDs (49) 980 Alien Tech Used (0) 0 Bonus (5359) 5359 TOTAL SCORE: 22655 Bonus ------- High Alert Combat Kills 883 Follower Combat Kills 3665 Met Data Miner 300 Met Imprinter 300 Was Imprinted 300 Met Zhirov 300 Met R17 at Cetus 500 Friendly Fire -889 Cogmind --------- Core Integrity 659/1000 Matter 300/300 Energy 575/575 System Corruption 18% Temperature Cool (0) Movement Walking (193) Ox1 Location -5/Hub_04(d) Parts ------- > --- POWER (2) -------- Antimatter Reactor Quantum Reactor > --- PROPULSION (4) --- Improved Titanium Leg Flexi-carbon Leg Flexi-carbon Leg > --- UTILITY (8) ------ Improved Cooling System Advanced Cooling System High-capacity Storage Unit Machine Analyzer Advanced Signal Interpreter Core Analyzer Medium Regenerative Plating > --- WEAPON (3) ------- Gauss Rifle Axe > --- INVENTORY (20) --- Quantum Reactor Improved Cooling System Advanced Cooling System Advanced Energy Well (500) Advanced Terrain Scan Processor Advanced Targeting Computer Advanced Particle Charger Zionite Weapon Casing Zionite Weapon Casing Centrium Medium Armor Plating Centrium Medium Armor Plating Hacking Drone Bay (1/1) Plasma Cannon Gauss Rifle Missile Launcher Plasma Cutter Peak State ------------ > --- POWER ------------ Neutrino Core Quantum Reactor > --- PROPULSION ------- Flexi-carbon Leg Flexi-carbon Leg Zionite Composite Leg I Enhanced Flexi-carbon Leg > --- UTILITY ---------- Improved Cooling System Advanced Cooling System High-capacity Storage Unit Machine Analyzer Advanced Signal Interpreter Advanced Targeting Computer Core Analyzer Centrium Medium Armor Plating > --- WEAPON ----------- Plasma Cannon Phase Cannon Heavy Plasma Cannon > --- INVENTORY -------- Neutrino Core Antimatter Reactor Improved Titanium Leg Flexi-carbon Leg Flexi-carbon Leg Improved Cooling System Advanced Cooling System Advanced Energy Well Advanced Terrain Scan Processor Advanced Targeting Computer Advanced Particle Charger Centrium Medium Armor Plating Centrium Medium Armor Plating Medium Regenerative Plating Hacking Drone Bay Plasma Cannon Plasma Cannon Missile Launcher Plasma Cutter Axe [Rating: 97] Favorites ----------- Power Cooled Deuterium Engine Engine Cooled Deuterium Engine Power Core Neutrino Core Reactor Quantum Reactor Propulsion Enhanced Flexi-carbon Leg Leg Enhanced Flexi-carbon Leg Utility Cooling System Device Cooling System Storage High-capacity Storage Unit Processor Advanced Targeting Computer Hackware Hacking Suite Protection Light Armor Plating Weapon Advanced Beam Cannon Energy Gun Small Laser Energy Cannon Advanced Beam Cannon Ballistic Gun Light Assault Rifle Launcher Rocket Launcher Special Weapon Plasma Cutter Slashing Weapon Axe Build | -11 -10 -10 -9 -9 -8 -8 -7 -7 -7 -7 -6 -6 -6 -6 -6 -5 -5 -5 -5 -5 -5 ------- Run | Scr Mat Min Mat Min Mat Sto Fac Low Low Dat Pro Fac Low Low Zio Pro Fac Ext Cet Arc Hub Slots Evolved 10 | . . . 2 . 2 . 2 . . . . 2 . . . . 2 . . . . Power 1 | . . . . . . . . . . . . . . . . . 1 . . . . Propulsion 2 | . . . . . 1 . . . . . . 1 . . . . . . . . . Utility 6 | . . . 1 . 1 . 2 . . . . 1 . . . . 1 . . . . Weapon 1 | . . . 1 . . . . . . . . . . . . . . . . . . Parts Attached 225 | 6 24 4 29 3 16 12 36 3 2 3 19 3 4 3 2 3 26 9 7 . 11 Power 20 | 1 3 1 3 . 1 1 2 . . . . . . . . . 4 2 1 . 1 Engine 13 | 1 3 1 3 . 1 1 2 . . . . . . . . . 1 . . . . Core 5 | . . . . . . . . . . . . . . . . . 3 2 . . . Reactor 2 | . . . . . . . . . . . . . . . . . . . 1 . 1 Propulsion 53 | 2 11 1 8 1 7 4 3 . . . 3 1 . . . . 5 3 . . 4 Treads . | . . . . . . . . . . . . . . . . . . . . . . Leg 53 | 2 11 1 8 1 7 4 3 . . . 3 1 . . . . 5 3 . . 4 Wheel . | . . . . . . . . . . . . . . . . . . . . . . Hover . | . . . . . . . . . . . . . . . . . . . . . . Flight . | . . . . . . . . . . . . . . . . . . . . . . Utility 89 | 1 4 . 6 1 5 2 21 3 2 . 9 2 4 2 2 3 14 2 4 . 2 Device 40 | . 3 . 2 . 2 1 10 2 1 . 4 1 2 1 . 2 6 1 1 . 1 Storage 7 | 1 1 . 2 . 1 1 . . . . 1 . . . . . . . . . . Processor 6 | . . . . . . . 2 . . . . . . . 2 1 1 . . . . Hackware 2 | . . . . . . . 1 . . . . 1 . . . . . . . . . Protection 34 | . . . 2 1 2 . 8 1 1 . 4 . 2 1 . . 7 1 3 . 1 Artifact . | . . . . . . . . . . . . . . . . . . . . . . Weapon 63 | 2 6 2 12 1 3 5 10 . . 3 7 . . 1 . . 3 2 2 . 4 Energy Gun 13 | . 4 1 7 . . . 1 . . . . . . . . . . . . . . Energy Cannon 34 | . . . 2 1 3 5 7 . . 3 4 . . 1 . . 3 2 1 . 2 Ballistic Gun 5 | 2 2 . . . . . . . . . . . . . . . . . . . 1 Ballistic Cannon . | . . . . . . . . . . . . . . . . . . . . . . Launcher 5 | . . 1 3 . . . . . . . 1 . . . . . . . . . . Special Weapon 2 | . . . . . . . . . . . 1 . . . . . . . 1 . . Impact Weapon . | . . . . . . . . . . . . . . . . . . . . . . Slashing Weapon 4 | . . . . . . . 2 . . . 1 . . . . . . . . . 1 Piercing Weapon . | . . . . . . . . . . . . . . . . . . . . . . Special Melee Weapon . | . . . . . . . . . . . . . . . . . . . . . . Unidentified Prototypes 11 | . . . 2 . . . 1 . . . 2 . . . . . 4 . 2 . . Corrupted Parts 2 | . . . . . . . . . . . . . . . . . 1 . 1 . . System Corruption 12 | . . . . . . . . . . . . . . . . . 7 . 5 . . Parts Lost 22 | . 2 . . 2 3 1 2 1 . . . . . . . . 1 . . . 10 Power 2 | . 1 . . . . . . . . . . . . . . . . . . . 1 Propulsion 6 | . . . . 1 . . 1 . . . . . . . . . . . . . 4 Utility 6 | . . . . 1 2 . . 1 . . . . . . . . 1 . . . 1 Weapon 8 | . 1 . . . 1 1 1 . . . . . . . . . . . . . 4 Highest Loss Streak 5 | . 1 . . 2 1 1 1 1 . . . . . . . . 1 . . . 5 To Critical Strikes . | . . . . . . . . . . . . . . . . . . . . . . Average Slot Usage (%) 99 | . 98 100 99 99 99 99 99 99 100 78 99 100 100 100 100 100 99 100 100 100 99 Engine 6 | . 13 14 11 11 9 8 7 7 7 7 7 6 6 6 6 6 1 . . . . Core 1 | . . . . . . . . . . . . . . . . . 9 11 9 5 4 Leg 24 | . 28 28 22 21 27 27 22 23 23 23 23 26 26 26 26 26 23 23 23 23 22 Device 15 | . 12 14 11 11 17 18 15 16 22 23 22 20 19 19 20 20 16 11 11 11 11 Storage 7 | . 14 14 11 11 9 8 7 7 7 7 7 6 6 6 6 6 5 5 5 5 5 Processor 10 | . . . . . . . 15 15 15 15 15 13 13 13 13 20 18 23 23 23 22 Hackware 1 | . . . . . . . 6 2 . . . 6 6 6 5 . . . . . . Protection 4 | . . . 11 11 9 9 . 3 . . . . . . . . 4 5 5 5 5 Energy Gun 4 | . 19 27 19 11 . . . . . . . . . . . . . . . . . Energy Cannon 18 | . . . 13 22 26 27 22 23 23 2 22 20 20 20 20 20 16 17 16 17 16 Naked Turns . | . . . . . . . . . . . . . . . . . . . . . . Heaviest Build 111 | 10 18 21 34 34 74 74 77 77 71 71 81 74 80 80 78 78 102 105 111 111 111 Greatest Support 104 | 20 20 20 25 25 47 47 52 52 52 52 76 96 96 96 96 96 104 104 92 92 92 Greatest Overweight (x) 1 | . 1 1 1 1 1 1 1 1 1 1 1 . . . . . 1 1 1 1 1 Average Overweight (x) . | . . . 1 1 1 . 1 1 1 1 . . . . . . . . 1 1 1 Largest Inventory Capacity 20 | 8 10 10 10 10 20 20 20 20 20 20 20 20 20 20 20 20 20 20 20 20 20 Average Capacity 17 | 6 9 10 10 10 19 19 20 20 20 20 20 20 20 20 20 20 20 20 20 20 20 Most Carried 20 | 1 10 10 10 10 20 20 20 20 19 19 20 19 19 19 20 20 20 20 20 20 20 Average Carried 16 | . 8 10 9 9 15 19 19 19 19 19 19 18 18 19 19 19 19 20 19 20 19 Final Capacity 20 | 8 10 10 10 10 20 20 20 20 20 20 20 20 20 20 20 20 20 20 20 20 20 Final Carried 20 | 1 10 10 10 9 20 20 20 19 19 19 20 18 19 19 19 19 20 20 20 20 16 Class Distribution -------------------- 23% | Tank 21% | Skirmisher 19% | Scavenger-Skirmisher 10% | Scavenger-Mutant 7% | Scavenger-Gunner 6% | Commander-Gunner 3% | Scavenger-Tank Dominant Class ---------------- Scavenger-Mutant | -10/Materials Scavenger-Mutant | -10/Mines Scavenger-Tank | -9/Materials Tank | -9/Mines Tank | -8/Materials Tank | -8/Storage Skirmisher | -7/Factory Skirmisher | -7/Lower Caves Skirmisher | -7/Lower Caves Mutant | -7/Data Miner Skirmisher | -6/Proximity Caves Scavenger-Skirmisher | -6/Factory Scavenger-Skirmisher | -6/Lower Caves Scavenger-Skirmisher | -6/Lower Caves Scavenger-Skirmisher | -6/Zion Scavenger-Skirmisher | -5/Proximity Caves Skirmisher | -5/Factory Commander-Gunner | -5/Extension Commander-Gunner | -5/Cetus Scavenger-Gunner | -5/Archives Scavenger-Gunner | -5/Hub_04(d) Resources | -11 -10 -10 -9 -9 -8 -8 -7 -7 -7 -7 -6 -6 -6 -6 -6 -5 -5 -5 -5 -5 -5 ----------- Run | Scr Mat Min Mat Min Mat Sto Fac Low Low Dat Pro Fac Low Low Zio Pro Fac Ext Cet Arc Hub Matter Collected 3137 | 195 380 93 351 129 160 142 417 49 40 . 301 43 40 30 . 50 247 248 80 . 142 Remotely . | . . . . . . . . . . . . . . . . . . . . . . Salvage Created 10801 | . 809 198 1634 409 1253 1147 887 220 109 . 265 182 183 141 . 147 1210 328 90 . 1589 Parts 475 | . 64 11 102 13 55 39 33 5 6 . 16 8 9 6 . 3 34 6 4 . 61 Haulers Intercepted 22 | . 2 . 4 . 3 5 3 . . . . . . . . . 4 . . . 1 Recyclers Shooed 5 | . 1 . . . 2 . . . . . . 1 . . . . . 1 . . . Parts Field Recycled . | . . . . . . . . . . . . . . . . . . . . . . Retrieved Matter . | . . . . . . . . . . . . . . . . . . . . . . Parts Self-Destructed 72 | . . . . . . . . 5 6 . 15 . 17 6 3 20 . . . . . Prevented . | . . . . . . . . . . . . . . . . . . . . . . Kills | -11 -10 -10 -9 -9 -8 -8 -7 -7 -7 -7 -6 -6 -6 -6 -6 -5 -5 -5 -5 -5 -5 ------- Run | Scr Mat Min Mat Min Mat Sto Fac Low Low Dat Pro Fac Low Low Zio Pro Fac Ext Cet Arc Hub Combat Hostiles Destroyed 181 | . 19 7 32 9 18 14 13 4 4 . 10 . 6 3 . 2 12 3 1 . 24 Guns 37 | . 19 5 10 2 . . . . . . . . . . . . . . . . 1 Cannons 114 | . . . 12 5 18 11 12 4 4 . 7 . 6 3 . 1 11 1 1 . 18 AOE 15 | . . 2 10 . . . . . . . 3 . . . . . . . . . . Classes Destroyed 19 | . 6 . 4 3 1 . 1 . . . 1 . . . . . 2 . . . 1 Worker 6 | . 1 . 1 . . . 1 . . . . 2 . . . . . . . . 1 Builder 5 | . . . 1 . . . . . . . . . . . . . 2 . . . 2 Hauler 22 | . 2 . 4 . 3 5 3 . . . . . . . . . 4 . . . 1 Recycler 11 | . . . 3 1 2 2 1 . . . . 1 . . . . . 1 . . . Operator 5 | . 1 . 2 . . . 2 . . . . . . . . . . . . . . Watcher 16 | . 3 . 4 . 4 . 1 . . . . . . . . . . 1 1 . 2 Swarmer 47 | . 6 3 11 . 2 . 3 . 3 . 8 . 5 1 . . . . . . 5 Grunt 63 | . 13 4 13 5 7 8 4 2 . . . . . 1 . 1 . 1 . . 4 Brawler 3 | . . . 2 . . . . . . . . . . . . . . . . . 1 Duelist 3 | . . . . 1 1 . . . . . . . . . . . . . . . 1 Sentry 31 | . . . 6 . 6 6 1 1 . . . . 1 1 . . 4 2 . . 3 Demolisher 1 | . . . . 1 . . . . . . . . . . . . . . . . . Specialist 2 | . . . . . . . . . . . . . . . . . . . . . 2 Hunter 12 | . . . . . 2 . 2 1 . . 1 . . . . . 2 . . . 4 Programmer 12 | . . . . . . . 3 . 1 . . . . . . . 4 . . . 4 Behemoth 2 | . . . . . . . . . . . 1 . . . . 1 . . . . . Cetus Guard 1 | . . . . . . . . . . . . . . . . . . . 1 . . Assembled 2 | . . . . 2 . . . . . . . . . . . . . . . . . Fireman 1 | . . . . . . . . . . . . . . . . . 1 . . . . Mutant 1 | . . . . . . . . . . . . . . . . . 1 . . . . Best Kill Streak 11 | . 5 3 11 3 3 4 3 3 3 . 4 3 3 2 . 2 3 1 2 . 9 Combat Bots Only 7 | . 5 3 6 3 3 4 3 3 3 . 4 . 3 2 . 2 2 1 1 . 7 Max Kills in Single Turn 4 | . 1 1 4 1 1 1 1 2 1 . 2 2 1 1 . 1 1 1 1 . 3 Gunslinging . | . . . . . . . . . . . . . . . . . . . . . . Exploded 4 | . . 1 4 . . . . . . . 2 . . . . . . . . . . Melee . | . . . . . . . . . . . . . . . . . . . . . . Uniques/NPCs Destroyed . | . . . . . . . . . . . . . . . . . . . . . . Combat | -11 -10 -10 -9 -9 -8 -8 -7 -7 -7 -7 -6 -6 -6 -6 -6 -5 -5 -5 -5 -5 -5 -------- Run | Scr Mat Min Mat Min Mat Sto Fac Low Low Dat Pro Fac Low Low Zio Pro Fac Ext Cet Arc Hub Damage Taken 8149 | . 754 282 496 540 592 402 859 81 210 . 304 . 156 15 . . 849 392 122 . 2095 Core 1021 | . 111 76 132 83 103 11 81 21 . . 30 . 32 . . . 71 22 14 . 234 Absorbed by Shields 223 | . . . . . . . . . . . . . . . . . . 196 27 . . Regen/Repaired (Parts) 650 | . 15 . . . . 275 . . . . . . . . . . 27 . 65 39 229 Core Remaining (%) 71 | 100 . 25 . 46 . 79 . . . . 81 . . . . 96 . . . . . Volleys Fired 526 | . 92 23 58 21 52 41 40 4 11 . 19 3 9 3 . 5 55 19 10 . 61 Largest 3 | . 2 2 3 3 3 3 3 3 3 . 3 3 3 3 . 3 3 3 3 . 3 Hottest 255 | . 80 80 192 192 196 196 216 216 216 . 216 228 228 228 . 245 245 255 255 . 255 Shots Fired 1389 | . 183 43 164 61 155 122 120 12 34 . 36 9 27 9 . 15 151 57 20 1 170 Gun 335 | . 183 40 87 21 . . . . . . . . . . . . . . . . 4 Cannon 1030 | . . . 72 40 155 122 120 12 34 . 26 9 27 9 . 15 151 57 14 1 166 Launcher 12 | . . 3 5 . . . . . . . 4 . . . . . . . . . . Special 12 | . . . . . . . . . . . 6 . . . . . . . 6 . . Kinetic 105 | . 101 . . . . . . . . . . . . . . . . . . . 4 Thermal 1272 | . 82 40 159 61 155 122 120 12 34 . 32 9 27 9 . 15 151 57 20 1 166 Explosive 12 | . . 3 5 . . . . . . . 4 . . . . . . . . . . Electromagnetic . | . . . . . . . . . . . . . . . . . . . . . . Robot Hit Streak 18 | . 10 10 17 17 14 18 14 7 4 . 8 4 5 7 . 8 14 10 9 2 17 Robot Miss Streak 5 | . 3 4 4 4 5 3 3 1 2 . 2 1 2 1 . 2 3 3 2 . 3 Penetration Max 1 | . . . . . . . . . . . . . . . . . . . . . 1 Secondary Targets 1 | . . . 1 . . . . . . . . . . . . . . . . . . Max Gunslinging Chain 1 | . . . 1 . . . . . . . . . . . . . . . . . . Shots Hit Robots 866 | . 122 29 98 36 100 62 80 9 19 . 21 5 14 5 . 10 91 40 13 1 111 Core Hits 393 | . 54 14 56 14 38 25 33 7 5 . 13 4 8 4 . 4 42 16 5 . 51 Critical Kills 12 | . . . 1 2 . 3 1 . . . . . . . . 1 . 1 . . 3 Critical Parts Destroyed 1 | . 1 . . . . . . . . . . . . . . . . . . . . Critical Strikes 18 | . 1 . 4 4 . 3 1 . . . . . . . . 1 . 1 . . 3 Burn 5 | . . . 3 2 . . . . . . . . . . . . . . . . . Meltdown 12 | . . . 1 2 . 3 1 . . . . . . . . 1 . 1 . . 3 Destroy 1 | . 1 . . . . . . . . . . . . . . . . . . . . Melee Attacks 14 | . . . . . . . 3 . . . 7 . . . . . . . . . 4 Impact . | . . . . . . . . . . . . . . . . . . . . . . Slashing 14 | . . . . . . . 3 . . . 7 . . . . . . . . . 4 Piercing . | . . . . . . . . . . . . . . . . . . . . . . Sneak Attacks . | . . . . . . . . . . . . . . . . . . . . . . Combat Hostiles . | . . . . . . . . . . . . . . . . . . . . . . Follow-up Attacks . | . . . . . . . . . . . . . . . . . . . . . . Damage Inflicted 20807 | 3 1169 532 2435 693 2283 1475 1899 250 427 . 766 191 322 119 . 328 2885 1311 321 . 3398 Guns 2559 | . 1158 336 746 249 . . . . . . . . . . . . . . . . 70 Cannons 16675 | . . . 956 439 2260 1459 1893 250 427 . 415 191 322 119 . 328 2885 1210 267 . 3254 Explosions 1172 | . . 188 663 . . . . . . . 321 . . . . . . . . . . Melee . | . . . . . . . . . . . . . . . . . . . . . . Ramming 317 | 3 11 8 70 5 23 16 6 . . . . . . . . . . 101 . . 74 Kinetic 609 | . 539 . . . . . . . . . . . . . . . . . . . 70 Thermal 18709 | . 619 336 1702 688 2260 1459 1893 250 427 . 445 191 322 119 . 328 2885 1210 321 . 3254 Explosive 1172 | . . 188 663 . . . . . . . 321 . . . . . . . . . . Electromagnetic . | . . . . . . . . . . . . . . . . . . . . . . Impact . | . . . . . . . . . . . . . . . . . . . . . . Slashing . | . . . . . . . . . . . . . . . . . . . . . . Piercing . | . . . . . . . . . . . . . . . . . . . . . . Highest Corruption 18 | . 2 2 2 2 1 1 3 3 3 3 3 . . . . . 10 10 15 15 18 Average Corruption 4 | . 2 2 1 2 1 1 2 3 3 3 3 . . . . . 4 10 11 15 15 Corruption Purged . | . . . . . . . . . . . . . . . . . . . . . . Corruption Blocked . | . . . . . . . . . . . . . . . . . . . . . . Effects 245 | . . 5 13 19 1 13 31 9 10 4 16 . . . . . 13 53 22 2 34 Message Errors 45 | . . 1 4 3 . 4 8 1 2 1 3 . . . . . 3 9 2 1 3 Matter Fused 69 | . . 3 2 7 . 5 10 4 2 1 5 . . . . . 6 12 4 . 8 Heat Flow Errors 26 | . . 1 . 3 1 . 4 1 3 . 2 . . . . . . 3 3 . 5 Energy Discharges 30 | . . . 4 2 . 1 6 1 1 . 2 . . . . . 1 9 1 . 2 Parts Rejected 2 | . . . . . . 1 1 . . . . . . . . . . . . . . Data Loss (minor) 26 | . . . 2 2 . 1 . 1 . 2 . . . . . . . 8 5 . 5 Data Loss (major) 18 | . . . 1 1 . . 1 1 . . 2 . . . . . 3 4 4 . 1 Misfires 13 | . . . . . . 1 1 . 1 . . . . . . . . 5 2 1 2 Alerts 4 | . . . . . . . . . 1 . 1 . . . . . . . 1 . 1 Weapon Failures 12 | . . . . 1 . . . . . . 1 . . . . . . 3 . . 7 Overload Shots . | . . . . . . . . . . . . . . . . . . . . . . Overflow Damage 495 | . . 60 52 . 40 20 57 . 6 . 18 6 39 . . . 97 36 . . 64 Projectiles 371 | . . . 19 . 35 20 57 . 6 . 18 6 39 . . . 97 10 . . 64 Explosions 93 | . . 60 33 . . . . . . . . . . . . . . . . . . Melee 31 | . . . . . 5 . . . . . . . . . . . . 26 . . . Knockbacks 1 | . . . . . . . . . . . . . . . . . . 1 . . . Impact 1 | . . . . . . . . . . . . . . . . . . 1 . . . Kinetic . | . . . . . . . . . . . . . . . . . . . . . . Secondary . | . . . . . . . . . . . . . . . . . . . . . . Self-Inflicted Damage . | . . . . . . . . . . . . . . . . . . . . . . Shots . | . . . . . . . . . . . . . . . . . . . . . . Rammed . | . . . . . . . . . . . . . . . . . . . . . . Targets Rammed 44 | 2 6 1 11 6 2 3 1 . . . . . . . . . . 5 . . 7 Kicked 44 | 2 6 1 11 6 2 3 1 . . . . . . . . . . 5 . . 7 Crushed . | . . . . . . . . . . . . . . . . . . . . . . Highest Temperature 378 | . 43 94 368 378 172 24 278 196 107 . 159 . . . . . 147 207 256 . 268 Average Temperature 65 | . 11 14 96 126 20 8 61 75 56 . 89 . . . . . 46 32 98 . 42 Received Heat Transfer 1481 | . 384 138 180 75 198 126 72 . . . . . . . . . 66 53 . . 189 Effects 2 | . . . . 2 . . . . . . . . . . . . . . . . . Interference 1 | . . . . 1 . . . . . . . . . . . . . . . . . Matter Decay 1 | . . . . 1 . . . . . . . . . . . . . . . . . Siege Activations . | . . . . . . . . . . . . . . . . . . . . . . Robots Corrupted . | . . . . . . . . . . . . . . . . . . . . . . Combat Hostiles . | . . . . . . . . . . . . . . . . . . . . . . Parts Fried . | . . . . . . . . . . . . . . . . . . . . . . Impact Corruptions 3 | . . . . . 1 . . . . . . . . . . . . 1 . . 1 Robots Melted 18 | . . . 2 2 . 4 1 . . . . . . . . 1 1 2 . . 5 Combat Hostiles 15 | . . . . 2 . 3 1 . . . . . . . . 1 1 2 . . 5 Parts Melted 111 | . . . 12 3 11 12 11 . 1 . 1 1 1 . . 2 24 3 . . 29 Heat Transferred 32980 | . 1375 725 3552 1554 3774 2405 3138 459 755 . 879 361 596 224 . 498 4606 1900 492 . 5687 Parts Sabotaged . | . . . . . . . . . . . . . . . . . . . . . . Parts Stolen . | . . . . . . . . . . . . . . . . . . . . . . Parts Stripped . | . . . . . . . . . . . . . . . . . . . . . . Power Chain Reactions . | . . . . . . . . . . . . . . . . . . . . . . Missiles Intercepted . | . . . . . . . . . . . . . . . . . . . . . . Alert | -11 -10 -10 -9 -9 -8 -8 -7 -7 -7 -7 -6 -6 -6 -6 -6 -5 -5 -5 -5 -5 -5 ------- Run | Scr Mat Min Mat Min Mat Sto Fac Low Low Dat Pro Fac Low Low Zio Pro Fac Ext Cet Arc Hub Peak Influence 1140 | . 306 255 886 386 271 435 180 . . . . 96 . . . . 715 1016 1140 492 813 Initial 564 | . . 75 40 301 5 42 113 . . . . 67 . . . . 13 350 564 408 172 Average 285 | . 194 144 469 228 115 266 68 . . . . 88 . . . . 313 610 922 433 550 Maximum Alert Level 4 | . 1 1 3 1 1 2 . . . . . . . . . . 3 3 4 2 3 Low Security (%) 46 | 100 48 71 11 44 91 14 100 . . . . 100 . . . . 29 . . . 5 Level 1 31 | . 51 28 34 55 8 82 . . . . . . . . . . 42 30 . . 20 Level 2 11 | . . . 31 . . 2 . . . . . . . . . . 20 32 25 100 56 Level 3 9 | . . . 22 . . . . . . . . . . . . . 7 36 70 . 17 Level 4 . | . . . . . . . . . . . . . . . . . . . 3 . . Level 5 . | . . . . . . . . . . . . . . . . . . . . . . High Security . | . . . . . . . . . . . . . . . . . . . . . . Max Security . | . . . . . . . . . . . . . . . . . . . . . . Squads Dispatched 45 | . 7 . 5 1 2 2 8 . . . . 1 . . . . 4 2 . . 13 Investigation 12 | . 5 . 1 . 2 1 2 . . . . . . . . . . . . . 1 Extermination 8 | . . . . . . . 3 . . . . 1 . . . . 2 . . . 2 Reinforcement 20 | . 2 . 3 1 . 1 3 . . . . . . . . . 2 2 . . 6 Assault 2 | . . . 1 . . . . . . . . . . . . . . . . . 1 Garrison 3 | . . . . . . . . . . . . . . . . . . . . . 3 Intercept . | . . . . . . . . . . . . . . . . . . . . . . Searches Triggered . | . . . . . . . . . . . . . . . . . . . . . . Construction Impeded 4 | . . . . 1 . . . . . . . . . . . . 1 1 . . 1 Haulers Reinforced 4 | . . . . . . . 1 . . . . . . . . . 1 . . . 2 Active Scanning Responses . | . . . . . . . . . . . . . . . . . . . . . . Cargo Convoy Interrupts . | . . . . . . . . . . . . . . . . . . . . . . Stealth | -11 -10 -10 -9 -9 -8 -8 -7 -7 -7 -7 -6 -6 -6 -6 -6 -5 -5 -5 -5 -5 -5 --------- Run | Scr Mat Min Mat Min Mat Sto Fac Low Low Dat Pro Fac Low Low Zio Pro Fac Ext Cet Arc Hub Distress Signals 14 | . 3 . 4 . . 1 . . . . . . . . . . . . 3 . 3 Communications Jammed . | . . . . . . . . . . . . . . . . . . . . . . Distress Signals . | . . . . . . . . . . . . . . . . . . . . . . Times Spotted 301 | . 29 7 43 8 25 22 21 4 5 . 11 1 6 4 . 5 24 27 16 . 43 Peak Tracking Total 8 | . 4 3 6 3 4 3 3 3 3 . 4 1 3 2 . 3 4 5 5 . 8 Tactical Retreats 11 | . . . 3 . 1 . 2 . 1 . . . . 1 . . . . . . 3 Traps | -11 -10 -10 -9 -9 -8 -8 -7 -7 -7 -7 -6 -6 -6 -6 -6 -5 -5 -5 -5 -5 -5 ------- Run | Scr Mat Min Mat Min Mat Sto Fac Low Low Dat Pro Fac Low Low Zio Pro Fac Ext Cet Arc Hub Traps Triggered 14 | . 3 . 3 . 1 3 3 . . . . . . . . . 1 . . . . Indirectly . | . . . . . . . . . . . . . . . . . . . . . . Trap Hack Attempts . | . . . . . . . . . . . . . . . . . . . . . . Triggered . | . . . . . . . . . . . . . . . . . . . . . . Disarmed . | . . . . . . . . . . . . . . . . . . . . . . Reprogrammed . | . . . . . . . . . . . . . . . . . . . . . . Reused . | . . . . . . . . . . . . . . . . . . . . . . Traps Extracted . | . . . . . . . . . . . . . . . . . . . . . . Installed . | . . . . . . . . . . . . . . . . . . . . . . Triggered . | . . . . . . . . . . . . . . . . . . . . . . Machines | -11 -10 -10 -9 -9 -8 -8 -7 -7 -7 -7 -6 -6 -6 -6 -6 -5 -5 -5 -5 -5 -5 ---------- Run | Scr Mat Min Mat Min Mat Sto Fac Low Low Dat Pro Fac Low Low Zio Pro Fac Ext Cet Arc Hub Machines Disabled 29 | . . . 3 1 5 2 1 . . . . . . . . . 12 2 1 1 1 Max in Single Turn 5 | . . . 1 1 2 1 1 . . . . . . . . . 5 1 . 1 1 Garrison Access 3 | . . . . . . 1 1 . . . . 1 . . . . . . . . . Machines Sabotaged . | . . . . . . . . . . . . . . . . . . . . . . Garrisons Compromised . | . . . . . . . . . . . . . . . . . . . . . . Overloaded Fab Kills . | . . . . . . . . . . . . . . . . . . . . . . Hacking | -11 -10 -10 -9 -9 -8 -8 -7 -7 -7 -7 -6 -6 -6 -6 -6 -5 -5 -5 -5 -5 -5 --------- Run | Scr Mat Min Mat Min Mat Sto Fac Low Low Dat Pro Fac Low Low Zio Pro Fac Ext Cet Arc Hub Machines Accessed 55 | . 9 . 6 . 8 10 10 . . 4 . 4 1 . . . 3 . . . . Terminals 35 | . 6 . 5 . 7 8 6 . . . . 3 . . . . . . . . . Fabricators 4 | . . . . . . . 3 . . . . . . . . . 1 . . . . Repair Stations 5 | . 1 . 1 . 1 1 . . . . . . . . . . 1 . . . . Recycling Units 2 | . 2 . . . . . . . . . . . . . . . . . . . . Scanalyzers . | . . . . . . . . . . . . . . . . . . . . . . Garrison Access 4 | . . . . . . 1 1 . . . . 1 . . . . 1 . . . . Total Hacks 178 | . 32 . 15 . 26 33 24 . . 28 . 12 1 . . . 7 . . . . Successful 104 | . 18 . 7 . 9 22 9 . . 28 . 7 1 . . . 3 . . . . Failed 74 | . 14 . 8 . 17 11 15 . . . . 5 . . . . 4 . . . . Catastrophic 10 | . . . 1 . 2 2 2 . . . . 1 . . . . 2 . . . . Database Lockouts . | . . . . . . . . . . . . . . . . . . . . . . Manual 141 | . 27 . 12 . 14 19 12 . . . . 11 . . . . 17 22 1 . 6 Terminals 112 | . 26 . 13 . 23 25 14 . . . . 11 . . . . . . . . . Fabricators 8 | . . . . . . . 6 . . . . . . . . . 2 . . . . Repair Stations 19 | . 4 . 2 . 3 7 . . . . . . . . . . 3 . . . . Recycling Units 2 | . 2 . . . . . . . . . . . . . . . . . . . . Scanalyzers . | . . . . . . . . . . . . . . . . . . . . . . Garrison Access 8 | . . . . . . 1 4 . . . . 1 . . . . 2 . . . . Terminal Hacks 60 | . 9 . 3 . 5 10 1 . . 28 . 3 1 . . . . . . . . Record 11 | . . . . . . . . . . 11 . . . . . . . . . . . Part Schematic 12 | . 2 . . . . . . . . 10 . . . . . . . . . . . Robot Schematic 4 | . . . . . . . . . . 4 . . . . . . . . . . . Robot Analysis 5 | . 2 . 1 . 1 . . . . . . 1 . . . . . . . . . Prototype ID Bank 7 | . 2 . 1 . . 1 . . . 3 . . . . . . . . . . . Open Door 4 | . . . . . . 3 . . . . . . 1 . . . . . . . . Branch Access Points 3 | . . . . . 1 . 1 . . . . 1 . . . . . . . . . Terminal Index 2 | . . . . . . 1 . . . . . 1 . . . . . . . . . Repair Station Index 1 | . . . . . . 1 . . . . . . . . . . . . . . . Alert Level 4 | . 1 . . . 1 2 . . . . . . . . . . . . . . . Unreport Threat 3 | . . . . . 2 1 . . . . . . . . . . . . . . . Hauler Manifests 1 | . 1 . . . . . . . . . . . . . . . . . . . . Zone Layout 3 | . 1 . 1 . . 1 . . . . . . . . . . . . . . . Fabricator Hacks 3 | . . . . . . . 3 . . . . . . . . . . . . . . Network Status 3 | . . . . . . . 3 . . . . . . . . . . . . . . Repair Station Hacks 13 | . 3 . . . 1 6 . . . . . . . . . . 3 . . . . Scan Component 8 | . 2 . . . 1 3 . . . . . . . . . . 2 . . . . Repair 5 | . 1 . . . . 3 . . . . . . . . . . 1 . . . . Recycling Unit Hacks . | . . . . . . . . . . . . . . . . . . . . . . Scanalyzer . | . . . . . . . . . . . . . . . . . . . . . . Garrison Access Hacks 3 | . . . . . . 1 1 . . . . 1 . . . . . . . . . Seal Access 3 | . . . . . . 1 1 . . . . 1 . . . . . . . . . Unauthorized Hacks 25 | . 6 . 4 . 3 5 4 . . . . 3 . . . . . . . . . Terminals 22 | . 4 . 4 . 3 5 3 . . . . 3 . . . . . . . . . Assimilate 2 | . . . . . . . 1 . . . . 1 . . . . . . . . . Botnet 20 | . 4 . 4 . 3 5 2 . . . . 2 . . . . . . . . . Fabricators 1 | . . . . . . . 1 . . . . . . . . . . . . . . Haulers 1 | . . . . . . . 1 . . . . . . . . . . . . . . Repair Stations . | . . . . . . . . . . . . . . . . . . . . . . Recycling Units 2 | . 2 . . . . . . . . . . . . . . . . . . . . Tunnel 2 | . 2 . . . . . . . . . . . . . . . . . . . . Scanalyzers . | . . . . . . . . . . . . . . . . . . . . . . Garrison Access . | . . . . . . . . . . . . . . . . . . . . . . Data Cores Recovered . | . . . . . . . . . . . . . . . . . . . . . . Used . | . . . . . . . . . . . . . . . . . . . . . . Hacking Detections 40 | . 7 . 5 . 8 6 8 . . . . 3 . . . . 3 . . . . Full Trace Events 6 | . 2 . . . 2 1 1 . . . . . . . . . . . . . . Feedback Events 1 | . . . . . 1 . . . . . . . . . . . . . . . . Corruption 1 | . . . . . 1 . . . . . . . . . . . . . . . . Feedback Blocked . | . . . . . . . . . . . . . . . . . . . . . . Robot Schematics Acquired 6 | . . . . . . . . . . 4 . . . . 2 . . . . . . Robots Built . | . . . . . . . . . . . . . . . . . . . . . . Authchips . | . . . . . . . . . . . . . . . . . . . . . . Time . | . . . . . . . . . . . . . . . . . . . . . . Total Robot Build Rating . | . . . . . . . . . . . . . . . . . . . . . . Part Schematics Acquired 48 | . 2 . . . . . . . . 10 . . . . 13 . 11 12 . . . Parts Built . | . . . . . . . . . . . . . . . . . . . . . . Authchips . | . . . . . . . . . . . . . . . . . . . . . . Time . | . . . . . . . . . . . . . . . . . . . . . . Total Part Build Rating . | . . . . . . . . . . . . . . . . . . . . . . Parts Repaired 5 | . 1 . . . . 3 . . . . . . . . . . 1 . . . . Time 206 | . 53 . . . . 109 . . . . . . . . . . 44 . . . . Parts Recycled . | . . . . . . . . . . . . . . . . . . . . . . Recycled Matter . | . . . . . . . . . . . . . . . . . . . . . . Retrieved Matter . | . . . . . . . . . . . . . . . . . . . . . . Retrieved Components . | . . . . . . . . . . . . . . . . . . . . . . Parts Scanalyzed . | . . . . . . . . . . . . . . . . . . . . . . Part Schematics Acquired . | . . . . . . . . . . . . . . . . . . . . . . Parts Damaged . | . . . . . . . . . . . . . . . . . . . . . . Bothacking | -11 -10 -10 -9 -9 -8 -8 -7 -7 -7 -7 -6 -6 -6 -6 -6 -5 -5 -5 -5 -5 -5 ------------ Run | Scr Mat Min Mat Min Mat Sto Fac Low Low Dat Pro Fac Low Low Zio Pro Fac Ext Cet Arc Hub Used RIF Installer . | . . . . . . . . . . . . . . . . . . . . . . Robots Hacked . | . . . . . . . . . . . . . . . . . . . . . . Non-combat . | . . . . . . . . . . . . . . . . . . . . . . Combat . | . . . . . . . . . . . . . . . . . . . . . . Robot Hacks Applied . | . . . . . . . . . . . . . . . . . . . . . . Relay Couplers Released . | . . . . . . . . . . . . . . . . . . . . . . Fabnet Peak Effective % . | . . . . . . . . . . . . . . . . . . . . . . Robots Rewired 24 | . . . . . . . 1 . . . . 1 . . . . . 22 . . . Allies Hacked . | . . . . . . . . . . . . . . . . . . . . . . Hacks Repelled . | . . . . . . . . . . . . . . . . . . . . . . Allies | -11 -10 -10 -9 -9 -8 -8 -7 -7 -7 -7 -6 -6 -6 -6 -6 -5 -5 -5 -5 -5 -5 -------- Run | Scr Mat Min Mat Min Mat Sto Fac Low Low Dat Pro Fac Low Low Zio Pro Fac Ext Cet Arc Hub Total Allies 71 | . . . . . . 10 2 . . . 1 2 . . 11 . 6 36 . . 3 Largest Group 26 | . . . . . . 10 1 . . . 1 2 2 1 11 11 9 26 18 8 3 Highest-Rated Group 911 | . . . . . . 173 32 . . . 96 22 22 10 324 324 388 911 679 236 210 Highest-Rated Ally 159 | . . . . . . 29 32 . . . 96 12 12 10 37 37 85 159 159 39 70 Zionite Dispatches 5 | . . . . . . . . . . . . . . . . . 2 2 . . 1 Heavy 1 | . . . . . . . . . . . . . . . . . 1 . . . . Light 1 | . . . . . . . . . . . . . . . . . . . . . 1 Fire 2 | . . . . . . . . . . . . . . . . . 1 1 . . . Thermal Resupply 1 | . . . . . . . . . . . . . . . . . . 1 . . . Total Orders 4 | . . . . . . . . . . . . . . . . . 1 1 2 . . STAY 1 | . . . . . . . . . . . . . . . . . . . 1 . . FOLLOW 1 | . . . . . . . . . . . . . . . . . . . 1 . . DROP 1 | . . . . . . . . . . . . . . . . . . 1 . . . RETURN 1 | . . . . . . . . . . . . . . . . . 1 . . . . Ally Attacks 623 | . . . . . . 101 1 . . . 16 3 10 . . 43 56 199 125 24 45 Total Damage 12741 | . . . . . . 1389 27 . . . 435 26 67 . . 839 1963 4230 2483 396 886 Kills 98 | . . . . . . 12 . . . . 1 . . . . 6 18 30 21 5 5 Allies Corrupted 2 | . . . . . . . . . . . . . . . . . 2 . . . . Allies Melted 1 | . . . . . . . . . . . . . . . . 1 . . . . . Intel | -11 -10 -10 -9 -9 -8 -8 -7 -7 -7 -7 -6 -6 -6 -6 -6 -5 -5 -5 -5 -5 -5 ------- Run | Scr Mat Min Mat Min Mat Sto Fac Low Low Dat Pro Fac Low Low Zio Pro Fac Ext Cet Arc Hub Robot Analysis Total 5 | . 2 . 1 . 1 . . . . . . 1 . . . . . . . . . Derelict Logs Recovered 11 | . . 1 . 1 . . . 1 . . 1 . 2 . 2 3 . . . . . Drone Launches 1 | . . . . . . . . . . . . . . . . . 1 . . . . Drone Recoveries 1 | . . . . . . . . . . . . . . . . . 1 . . . . Zionite Intel Received 6 | . . . . . . . . . . . . . . . . . 2 4 . . . Branch Access 1 | . . . . . . . . . . . . . . . . . . 1 . . . Prototype Schematics 2 | . . . . . . . . . . . . . . . . . 1 1 . . . Unaware Analyses 1 | . . . . . . . . . . . . . . . . . . 1 . . . Trap Installations 1 | . . . . . . . . . . . . . . . . . . 1 . . . Active Garrisons 1 | . . . . . . . . . . . . . . . . . 1 . . . . Exploration | -11 -10 -10 -9 -9 -8 -8 -7 -7 -7 -7 -6 -6 -6 -6 -6 -5 -5 -5 -5 -5 -5 ------------- Run | Scr Mat Min Mat Min Mat Sto Fac Low Low Dat Pro Fac Low Low Zio Pro Fac Ext Cet Arc Hub Turns Passed 20388 | 54 1226 709 1233 1283 1619 1802 2513 623 781 159 767 404 549 689 1380 540 1436 1388 535 78 620 Spaces Moved 10160 | 46 689 521 479 488 695 736 1047 309 334 79 393 301 390 466 1060 385 713 645 166 37 181 Core 19 | 19 . . . . . . . . . . . . . . . . . . . . . Treads . | . . . . . . . . . . . . . . . . . . . . . . Legs 10141 | 27 689 521 479 488 695 736 1047 309 334 79 393 301 390 466 1060 385 713 645 166 37 181 Wheels . | . . . . . . . . . . . . . . . . . . . . . . Hover . | . . . . . . . . . . . . . . . . . . . . . . Flight . | . . . . . . . . . . . . . . . . . . . . . . Fastest Speed 50 | 50 120 120 185 180 183 123 193 196 196 196 123 122 122 122 122 122 115 115 194 194 192 Average Speed 157 | 91 120 120 189 182 189 192 193 196 196 196 164 122 122 122 122 122 149 141 194 194 193 Slowest Speed 200 | 120 190 190 190 185 193 193 196 196 196 196 196 122 122 122 122 122 192 200 194 194 197 Overloaded Moves . | . . . . . . . . . . . . . . . . . . . . . . Propulsion Burnouts . | . . . . . . . . . . . . . . . . . . . . . . Robots Hopped . | . . . . . . . . . . . . . . . . . . . . . . Cave-ins Triggered . | . . . . . . . . . . . . . . . . . . . . . . Exploration Rate (%) 59 | 3 99 93 46 98 73 95 32 48 54 69 64 6 58 59 88 70 22 84 57 55 27 Regions Visited 21 Branch Regions 15 Pre-discovered Areas 5 | . 2 . . 2 . . . . . 1 . . . . . . . . . . . Known Exits Taken 16 | . . . 1 . 1 . 1 1 1 1 1 1 1 1 1 1 1 1 1 1 . Unknown Exits Taken 5 | 1 1 1 . 1 . 1 . . . . . . . . . . . . . . . Scrap Searched 18 | . . 1 . 3 . . . 1 . . 2 . 2 3 3 3 . . . . . Spaces Dug 51 | . . 12 . . . 1 2 . . . 20 . . . . . 7 . . . 9 Terrain Destroyed 199 | . . 36 37 . 4 6 2 . . . 33 . . . . 1 51 8 . . 21 Melee 12 | . . . . . . . 2 . . . 6 . . . . . . . . . 4 Projectile 54 | . . . . . 4 6 . . . . . . . . . 1 18 8 . . 17 AOE 133 | . . 36 37 . . . . . . . 27 . . . . . 33 . . . . Terrain Rammed . | . . . . . . . . . . . . . . . . . . . . . . Walls Destroyed . | . . . . . . . . . . . . . . . . . . . . . . Machines Disabled . | . . . . . . . . . . . . . . . . . . . . . . Actions | -11 -10 -10 -9 -9 -8 -8 -7 -7 -7 -7 -6 -6 -6 -6 -6 -5 -5 -5 -5 -5 -5 --------- Run | Scr Mat Min Mat Min Mat Sto Fac Low Low Dat Pro Fac Low Low Zio Pro Fac Ext Cet Arc Hub Total 13430 | 54 933 564 688 833 885 1036 1434 317 435 84 459 331 441 578 1146 444 972 1086 362 44 304 Wait 2030 | . 83 8 71 311 87 213 266 2 89 . 12 14 38 106 83 48 146 249 163 8 33 Move 10140 | 46 688 520 478 487 694 735 1046 308 333 78 392 300 389 465 1059 384 712 644 165 36 181 Hop . | . . . . . . . . . . . . . . . . . . . . . . Pick Up 119 | 1 18 3 10 3 22 21 14 . . . 3 . 1 . 1 1 8 2 7 . 4 Fast Attach 47 | 6 3 . 4 1 1 4 2 . . 3 3 . . 1 1 2 11 2 2 . 1 Attach 31 | . 2 . 2 2 5 2 5 1 . . . 2 . . . . 3 . . . 7 Detach . | . . . . . . . . . . . . . . . . . . . . . . Swap 147 | . 19 4 23 . 10 6 29 2 2 . 16 1 4 2 1 1 12 7 5 . 3 Drop 159 | . 22 5 31 2 12 11 16 . . 3 7 1 . 1 1 3 20 11 10 . 3 Fire 526 | . 92 23 58 21 52 41 40 4 11 . 19 3 9 3 . 5 55 19 10 . 61 Melee 14 | . . . . . . . 3 . . . 7 . . . . . . . . . 4 Ram . | . . . . . . . . . . . . . . . . . . . . . . Kick 43 | 1 6 1 11 6 2 3 1 . . . . . . . . . . 5 . . 7 Crush . | . . . . . . . . . . . . . . . . . . . . . . Escape Stasis 10 | . . . . . . . 5 . . . . . . . . . 5 . . . . Rewire 164 | . . . . . . . 7 . . . . 10 . . . . . 147 . . . Trap . | . . . . . . . . . . . . . . . . . . . . . . Miscellaneous . | . . . . . . . . . . . . . . . . . . . . . . Route ------- -11/Scrapyard -10/Materials (discovered 5 exits: *Mat x3 / [*Min x2]) -10/Mines (discovered 2 exits: *Mat x2) -9/Materials -9/Mines (discovered 2 exits: *Mat x2) -8/Materials (discovered 2 exits: *Fac / *Sto) -8/Storage -7/Factory (discovered 3 exits: *Fac / *Low x2) -7/Lower Caves -7/Lower Caves -7/Data Miner -6/Proximity Caves -6/Factory (discovered 3 exits: *Fac / *Low x2) -6/Lower Caves -6/Lower Caves (discovered 2 exits: *Fac / *Zio) -6/Zion -5/Proximity Caves -5/Factory (discovered 6 exits: *Fac x3 / *Upp x2 / *Ext) -5/Extension (discovered 2 exits: *Fac / *Cet) -5/Cetus (discovered 2 exits: *Fac / *Arc) -5/Archives -5/Hub_04(d) History --------- Turn | Location | Event 9 | -11/Scrapyard | Discovered new exit (range 15) 55 | -11/Scrapyard | Entered Materials 434 | -10/Materials | Build established: Scavenger-Mutant 489 | -10/Materials | Discovered new exit (range 12) 623 | -10/Materials | Discovered new exit (range 9) 686 | -10/Materials | Repaired Broken Imp. Heat Sink 752 | -10/Materials | Discovered new exit (range 15) 958 | -10/Materials | Discovered new exit (range 8) 1188 | -10/Materials | Discovered new exit (range 10) 1281 | -10/Materials | Entered Mines 1282 | -10/Mines | Met a Derelict bent on vengeance 1288 | -10/Mines | Received a Rocket Launcher from a helpful Derelict 1331 | -10/Mines | Learned location of 1 exit from Materials 1334 | -10/Mines | Discovered new exit (range 16) 1371 | -10/Mines | Core integrity fell below 50% 1671 | -10/Mines | Discovered new exit (range 7) 1847 | -10/Mines | Deemed a non-threat by the Exiles lab entrance 1990 | -10/Mines | Entered Materials 1990 | -9/Materials | Evolved 2 slots: Utility x1, Weapon x1 1991 | -9/Materials | Identified exit to Mines 2274 | -9/Materials | Build established: Scavenger-Tank 3080 | -9/Materials | Build established: Tank 3190 | -9/Materials | First assault squad dispatched 3223 | -9/Materials | Entered Mines 3263 | -9/Mines | Assembled infested the area 3268 | -9/Mines | Assisted by a Guerilla fighting off Assembled 3923 | -9/Mines | Core integrity fell below 50% 4186 | -9/Mines | Discovered new exit (range 13) 4247 | -9/Mines | Learned location of Zion (-6) 4370 | -9/Mines | Discovered new exit (range 10) 4371 | -9/Mines | Learned location of Storage (-8) 4506 | -9/Mines | Entered Materials 4506 | -8/Materials | Evolved 2 slots: Propulsion x1, Utility x1 5063 | -8/Materials | Discovered new exit (range 16) 5886 | -8/Materials | Identified exit to Storage 6125 | -8/Materials | Entered Storage 6245 | -8/Storage | Assisted by bots powering up and referring to "LRC-V3" 6556 | -8/Storage | Build established: Commander-Tank 6923 | -8/Storage | Repaired Cld. Ion Engine 6951 | -8/Storage | Repaired Hcp. Storage Unit 6992 | -8/Storage | Build established: Tank 7070 | -8/Storage | Repaired Cooling System 7580 | -8/Storage | Discovered new exit (range 10) 7927 | -8/Storage | Entered Factory 7927 | -7/Factory | Evolved 2 slots: Utility x2 8221 | -7/Factory | Build established: Skirmisher 9339 | -7/Factory | Discovered new exit (range 4) 9343 | -7/Factory | Identified exit to Factory 10195 | -7/Factory | Identified exit to Lower Caves 10440 | -7/Factory | Entered Lower Caves 10873 | -7/Lower Caves | Attracted the attention of an 0b10 checkpoint 11047 | -7/Lower Caves | Discovered new exit (range 10) 11061 | -7/Lower Caves | Identified exit to Lower Caves 11063 | -7/Lower Caves | Entered another Lower Caves area 11173 | -7/Lower Caves | Encountered a Warlord checkpoint 11826 | -7/Lower Caves | Discovered new exit (range 7) 11840 | -7/Lower Caves | Identified exit to Data Miner 11844 | -7/Lower Caves | Entered Data Miner 11844 | -7/Data Miner | Discovered new exit (range 6) 11854 | -7/Data Miner | Identified exit to Proximity Caves 11883 | -7/Data Miner | Met Data Miner 11920 | -7/Data Miner | Learned location of Section 7 (-2) 11920 | -7/Data Miner | Acquired the access code to Warlord's prototype stash 11948 | -7/Data Miner | Received God Mode back door access code from Data Miner 12003 | -7/Data Miner | Entered Proximity Caves 12046 | -6/Proximity Caves | Escorted by Enhanced Grunt 12403 | -6/Proximity Caves | Spotted B-75 Beast 12413 | -6/Proximity Caves | Destroyed B-75 Beast 12465 | -6/Proximity Caves | Learned location of 1 exit from Factory 12725 | -6/Proximity Caves | Discovered exit to Factory (range 11) 12770 | -6/Proximity Caves | Entered Factory 12770 | -6/Factory | Evolved 2 slots: Propulsion x1, Utility x1 12771 | -6/Factory | Identified exit to Lower Caves 12891 | -6/Factory | Build established: Scavenger-Skirmisher 13105 | -6/Factory | Discovered new exit (range 10) 13174 | -6/Factory | Entered Lower Caves 13174 | -6/Lower Caves | Accompanied by 2 allies 13374 | -6/Lower Caves | Learned Factory terminal intel 13492 | -6/Lower Caves | Encountered a Warlord checkpoint 13531 | -6/Lower Caves | Discovered new exit (range 7) 13537 | -6/Lower Caves | Identified exit to Lower Caves 13566 | -6/Lower Caves | Attracted the attention of an 0b10 checkpoint 13723 | -6/Lower Caves | Entered another Lower Caves area 13723 | -6/Lower Caves | Accompanied by 1 ally 13807 | -6/Lower Caves | Discovered new exit (range 6) 13814 | -6/Lower Caves | Identified exit to Factory 14177 | -6/Lower Caves | Discovered new exit (range 10) 14188 | -6/Lower Caves | Identified exit to Zion 14412 | -6/Lower Caves | Entered Zion 14682 | -6/Zion | Given the Hacking Drone Bay 14696 | -6/Zion | Found Prototype Device 14765 | -6/Zion | Learned Factory stockpile data 15054 | -6/Zion | Learned Factory trap positions 15191 | -6/Zion | Gained Derelict followers 15386 | -6/Zion | Gained Derelict followers 15486 | -6/Zion | Imprinted 15488 | -6/Zion | Declared Zion's savior 15743 | -6/Zion | Discovered new exit (range 15) 15760 | -6/Zion | Identified exit to Proximity Caves 15792 | -6/Zion | Entered Proximity Caves 15792 | -5/Proximity Caves | Accompanied by 11 allies 15851 | -5/Proximity Caves | Learned 4 Factory zone layouts 15959 | -5/Proximity Caves | Learned location of 1 exit from Factory 16008 | -5/Proximity Caves | Learned location of 1 exit from Factory 16062 | -5/Proximity Caves | Spotted B-75 Beast 16078 | -5/Proximity Caves | Destroyed B-75 Beast 16314 | -5/Proximity Caves | Discovered exit to Factory (range 5) 16332 | -5/Proximity Caves | Entered Factory 16332 | -5/Factory | Accompanied by 4 allies 16332 | -5/Factory | Evolved 2 slots: Power x1, Utility x1 16333 | -5/Factory | Identified exit to Upper Caves 16333 | -5/Factory | Identified exit to Extension 16333 | -5/Factory | Identified Hacking Drone Bay 16334 | -5/Factory | Identified exit to Factory 16336 | -5/Factory | Loaded intel: 102 trap records 16338 | -5/Factory | Loaded intel: 26 terminal locations 16438 | -5/Factory | Zion Fire squad teleported in 16468 | -5/Factory | Build established: Skirmisher 16515 | -5/Factory | Discovered exit to Upper Caves (range 8) 16654 | -5/Factory | P-70 Sage assimilated allied 57-HR3(M) 16749 | -5/Factory | Zion Heavy squad teleported in 16948 | -5/Factory | P-70 Sage assimilated allied HS-EJX(i) 17068 | -5/Factory | Discovered exit to Factory (range 6) 17248 | -5/Factory | Repaired Imp. Cooling System 17421 | -5/Factory | System corruption reached 10% 17427 | -5/Factory | Found Prototype Protection 17427 | -5/Factory | Identified Zio. Weapon Casing 17591 | -5/Factory | Retrieved Zion intel report: Active Garrisons 17685 | -5/Factory | Retrieved Zion intel report: Prototype Schematics 17708 | -5/Factory | Build established: Scavenger-Gunner 17740 | -5/Factory | Terminal network hard line cut 17768 | -5/Factory | Entered Extension 17812 | -5/Extension | Zion Fire squad teleported in 17817 | -5/Extension | Retrieved Zion intel report: Unaware Analyses 17820 | -5/Extension | Retrieved Zion intel report: Trap Installations 17821 | -5/Extension | Zion Thermal Resupply teleported in 17889 | -5/Extension | Retrieved Zion intel report: Prototype Schematics 17893 | -5/Extension | Retrieved Zion intel report: Branch Access 17893 | -5/Extension | Identified exit to Cetus 18083 | -5/Extension | Rescued a captive Derelict 18094 | -5/Extension | Rescued A7 18104 | -5/Extension | Rescued a captive Derelict 18104 | -5/Extension | Rescued a captive Derelict 18141 | -5/Extension | Rescued a captive Derelict 18480 | -5/Extension | Build established: Commander-Gunner 18492 | -5/Extension | Spotted B-75 Beast 18506 | -5/Extension | Allies destroyed B-75 Beast 18515 | -5/Extension | Spotted B-75 Beast 18520 | -5/Extension | Allies destroyed B-75 Beast 18711 | -5/Extension | Rescued a captive Derelict 18712 | -5/Extension | Rescued a captive Derelict 18765 | -5/Extension | Rescued a captive Derelict 19040 | -5/Extension | Rescued a captive Derelict 19040 | -5/Extension | Rescued a captive Derelict 19072 | -5/Extension | Terminal network hard line cut 19093 | -5/Extension | Discovered exit to Factory (range 10) 19128 | -5/Extension | Disrupted transfer network 19156 | -5/Extension | Entered Cetus 19156 | -5/Cetus | Accompanied by 18 allies (A7) 19161 | -5/Cetus | Acquired a Cetus Manufacturing Module code from A7 19184 | -5/Cetus | Spotted Cetus Guard 19184 | -5/Cetus | Spotted Cetus Guard 19187 | -5/Cetus | Spotted Cetus Guard 19190 | -5/Cetus | Allies destroyed Cetus Guard 19192 | -5/Cetus | Allies destroyed Cetus Guard 19193 | -5/Cetus | Allies destroyed Cetus Guard 19194 | -5/Cetus | Spotted Cetus Guard 19199 | -5/Cetus | Allies destroyed Cetus Guard 19199 | -5/Cetus | Cetus Manufacturing Module disabled 19374 | -5/Cetus | Failed to start Cetus Manufacturing Module 19436 | -5/Cetus | Discovered new exit (range 15) 19494 | -5/Cetus | Spotted Cetus Guard 19494 | -5/Cetus | Spotted Cetus Guard 19497 | -5/Cetus | Spotted Cetus Guard 19503 | -5/Cetus | Allies destroyed Cetus Guard 19516 | -5/Cetus | Allies destroyed Cetus Guard 19518 | -5/Cetus | Allies destroyed Cetus Guard 19530 | -5/Cetus | Spotted Cetus Guard 19539 | -5/Cetus | Destroyed Cetus Guard 19556 | -5/Cetus | Found Prototype Protection 19556 | -5/Cetus | Identified Med. Regenerative Plating 19563 | -5/Cetus | Extracted ID and sensor layout for unrecognized location from A7's data core 19567 | -5/Cetus | Discovered exit to Factory (range 15) 19594 | -5/Cetus | Scared off Revision 17 19682 | -5/Cetus | Identified exit to Archives 19691 | -5/Cetus | Entered Archives 19691 | -5/Archives | Accompanied by 8 allies 19718 | -5/Archives | Met Zhirov 19724 | -5/Archives | Reinforcements dispatched to Archives 19735 | -5/Archives | Discovered new exit (range 13) 19757 | -5/Archives | Identified exit to Hub_04(d) 19769 | -5/Archives | Reinforcements dispatched to Archives 19769 | -5/Archives | Entered Hub_04(d) 19795 | -5/Hub_04(d) | Zion Light squad teleported in 19804 | -5/Hub_04(d) | Garrison activated, responded to threat 19833 | -5/Hub_04(d) | Found Zio. Weapon Casing 19847 | -5/Hub_04(d) | Build established: Scavenger-Gunner 19878 | -5/Hub_04(d) | Found Zio. Weapon Casing 20206 | -5/Hub_04(d) | Destroyed 7 combat bots 20369 | -5/Hub_04(d) | First assault squad dispatched 20369 | -5/Hub_04(d) | Lost 5 parts (1p2n2w) 20389 | -5/Hub_04(d) | Self-destructed Last Messages --------------- 20362_ K-01 Serf collects debris. 20363_ ALERT: Suspicious intruders detected, dispatching Specialist reinforcements to area. 20366_ K-01 Serf collects debris. 20369_ ALERT: Significant disruption in Zone 2X, assault force dispatched. 20370_ Penetrated by Slug. 20370_ Plasma Cannon destroyed. 20371_ Acquired 1 matter. 20374_ Penetrated by Slug. 20374_ Knocked back. 20376_ Penetrated by Slug. 20376_ Adv. Targeting Computer destroyed. 20376_ Critical hit (Blast). 20376_ Knocked back. 20378_ System corrupted: IFF burst signal emitted. 20382_ Kicked U-05 Engineer out of the way. 20384_ Flexi-carbon Leg destroyed. 20384_ Knocked back. 20384_ K-01 Serf system corrupted by crushing effect. 20385_ Acquired 11 matter. Map ----- +----------------------------------------------------+ | ??????????????????## #?# = # # # [ | | ???????????????????#=#?# % [#![ # #?# | | ???????????????????#=#?# #!%! # #?? | | ???????????????????#%#?# =#!!! # #?? | | ??????????????????##!*?+ " # """" #?? | | ???????????? ????? # #?# "# # """" #?? | | ?????????"""" """" # #?# ""# " """" #?? | | ?????????"""" """" # ??# !""# " """" #?? | | ???????? """" """" # ??#=%|T########### #?? | | ?????????"""" """" # ?##!*""#????????#"#########?? | | ????????? + ??/!%""#????????##??????????? | | ?????????"""" ##??#=[|"#????????????????????? | | ?????????"""" #???#[%[ #????????????????????? | | ???????? """" !!! ######+###????????????????????? | | ??????# """" !!! # #[#??????????????????????? | | ??????# !!!*# [!#[#??????????????????????? | | ?????#" !%% /! %%#=#???"?"?"??????????????? | | ?????############### !%+%#???"?"?"??????????????? | | ???????????????????# % ;H#???"?"?"??????????????? | | ??????????????????## H*;*#??????????????????????? | | ??????????????????## ;[#???"?"?"??????????????? | | ???????????????????# %% #k#???"?"?"??????????????? | | ???????????????????##"#"#*##??"?"?"??????????????? | | ????????????????????#####k##?????????????????????? | | ????????????????????????#k##?????????????????????? | | ????????????????????????#@##?????????????????????? | | ???????????????????????%[%g=?????????????????????? | | ??????????????????????#=*%g[ ???????????????????? | | ??????????????????????+ %%=g x ?????????????????? | | ??????????????????????# % x ???????????????? | | ??????????????????????# ####/##??????????????? | | ??????????????????????#######???? ??????????????? | | ??????????????????????????????????! ?????????????? | | ???????????????????????????????????? ???????????? | | ????????????????????????????????????? ???????????? | | ?????????????????????????????????????????????????? | | ?????????????????????????????????????????????????? | | ?????????????????????????????????????????????????? | | ?????????????????????????????????????????????????? | | ?????????????????????????????????????????????????? | | ?????????????????????????????????????????????????? | | ?????????????????????????????????????????????????? | | ?????????????????????????????????????????????????? | | ?????????????????????????????????????????????????? | | ?????????????????????????????????????????????????? | | ?????????????????????????????????????????????????? | | ?????????????????????????????????????????????????? | | ?????????????????????????????????????????????????? | | | | | +----------------------------------------------------+ Best States ------------- Heat Dissipation 98 Energy Generation 41 Energy Capacity 810 Matter Stores 300 Matter Capacity 300 Sight Range 16 Robot Scan Range 15 Terrain Scan Density 10 Armor Coverage 225 Evasion (%) 55 Targeting Accuracy 8 Core Analysis 6 Offensive Hacking 10 Item Schematics ----------------- Hcp. Storage Unit | -10/Materials | Hacked Lrg. Storage Unit | -10/Materials | Hacked Combat Drone Bay | -7/Data Miner | Free Lgt. Regenerative Plating | -7/Data Miner | Free Biomechanical Wings | -7/Data Miner | Free Gravity Neutralizer | -7/Data Miner | Free Imp. Heavy Machine Gun | -7/Data Miner | Free Antigrav System | -7/Data Miner | Free Imp. Focal Shield | -7/Data Miner | Free Disruptor Cannon | -7/Data Miner | Free Nuclear Pulse Array | -7/Data Miner | Free Imp. Cloaking Device | -7/Data Miner | Free Angular Momentum Engine | -6/Zion | Archive Adv. System Restoration Module | -6/Zion | Archive Mak. Hover Unit | -6/Zion | Archive Hyp. Gauss Cannon | -6/Zion | Archive Imp. Medium Treads | -6/Zion | Archive Imp. Antigrav System | -6/Zion | Archive Nuclear Pulse Thruster | -6/Zion | Archive Dispersion Rifle | -6/Zion | Archive Adv. Melee Analysis Suite | -6/Zion | Archive Mak. Trap Scanner | -6/Zion | Archive Hvy. Flak Cannon | -6/Zion | Archive Imp. Kinecellerator | -6/Zion | Archive Plasma Rifle | -6/Zion | Archive Plasma Sword | -5/Factory | Z-intel Exp. Targeting Computer | -5/Factory | Z-intel Cold Fusion Reactor | -5/Factory | Z-intel Prc. Matter Filter | -5/Factory | Z-intel Neutron Cannon | -5/Factory | Z-intel Shock Maul | -5/Factory | Z-intel Thunder Hammer | -5/Factory | Z-intel Imp. Lightning Gun | -5/Factory | Z-intel Enh. Force Rifle | -5/Factory | Z-intel Tesla Bomb Launcher | -5/Factory | Z-intel Cld. Aerolev Unit | -5/Factory | Z-intel Com. Ion Cannon | -5/Extension | Z-intel Cld. Plasma Rifle | -5/Extension | Z-intel Imp. Matter Compressor | -5/Extension | Z-intel Kinetic Spear | -5/Extension | Z-intel Cld. Fission Core | -5/Extension | Z-intel Imp. Energy Well | -5/Extension | Z-intel Cld. VTOL Module | -5/Extension | Z-intel Imp. Heavy Laser | -5/Extension | Z-intel Cld. Airjet | -5/Extension | Z-intel Gui. EMP Blaster | -5/Extension | Z-intel Prc. Shock Rifle | -5/Extension | Z-intel Scatter Rocket Array | -5/Extension | Z-intel Robot Schematics ------------------ S-27 Virus | -7/Data Miner | Free H-66 Slayer | -7/Data Miner | Free E-15 Imp | -7/Data Miner | Free L-41 Fighter | -7/Data Miner | Free O-24 Administrator | -6/Zion | Archive R-06 Scavenger | -6/Zion | Archive Fabricated ------------ Nothing Alien Tech Used ----------------- None Achievements -------------- None Challenges ------------ None Game ------ Seed FluxMinesnifferTerrabomb Manual? 0 Play Time 01:43:02 Cumulative 1569.4 hours Start 2022.08.09 @ 15:02:49 End 2022.08.09 @ 16:49:05 Sessions 1 Manual Loads 0 Difficulty Rogue Special Mode None Game No. 551 Rogue 551 Adventurer 0 Explorer 0 Win Type - Total 113 Types 25/12/46/6/1/2/19/1/1 Lore% 98 Gallery% 97 Achievement% 86 Wizard Run 0 Options --------- ASCII 0 Keyboard 0 Movement Numpad Keybinds 0 Fullscreen 1 Font 18/SmallcapsGlow Map View 76x50 Tactical HUD 1 Map Filters NONE Filters NONE Steam 1 RUN: e9feb778-36a7-4447-900c-8498246d681a